 Dungeon Crawl Stone Soup version 0.15-a0-413-gc6111ba (webtiles) character file.

167 4tharraofdagon the Poker (level 5, -8/41 HPs)
             Began as a Merfolk Gladiator on May 5, 2014.
             Was an Initiate of Cheibriados.
             Mangled by an ogre
             ... wielding a +0,+0 giant club
              (17 damage)
             ... on Level 3 of the Dungeon.
             The game lasted 00:03:43 (669 turns).

4tharraofdagon the Poker (Merfolk Gladiator)         Turns: 669, Time: 00:03:43

HP  -8/41        AC  5     Str 22      XL: 5   Next:  3%
MP   5/5         EV 14     Int  9      God: Cheibriados [......]
Gold 48          SH  0     Dex 15      Spells:  0 memorised,  4 levels left

rFire  . . .     SeeInvis .     a - +0 trident
rCold  . . .     Clarity  .     b - +0 leather armour
rNeg   . . .     Conserve .     (no shield)
rPois  .         rCorr    .     c - +0 helmet
rElec  .         rRot     .     (no cloak)
SustAb . .       Spirit   .     m - +0 pair of gloves
rMut   .         Warding  .     (no boots)
Saprov . . .     Stasis   .     (no amulet)
MR     .....                    (no ring)
                                (no ring)

@: mighty, very slightly contaminated, hasted, quick, not resistant to hostile
enchantments, very unstealthy
A: change form in water, swift swim
a: Bend Time, Renounce Religion


You were on level 3 of the Dungeon.
You worshipped Cheibriados.
Cheibriados was noncommittal.
You were not hungry.

You visited 2 branches of the dungeon, and saw 5 of its levels.

You collected 48 gold pieces.

Inventory:

Hand weapons
 a - a +0,+0 trident (weapon)
 n - a +0,+0 club
Armour
 b - a +0 leather armour (worn)
 c - a +0 helmet (worn)
 m - a +0 pair of gloves (worn)
 r - the cursed -4 ring mail of Daffodils {Str+4 Dex+1, unknown}
   (You found it on level 4 of the Dungeon)

   It affects your strength (+4).
   It affects your dexterity (+1).
   It has a curse placed upon it.
Comestibles
 f - 2 bread rations
 g - 2 apples
 i - a meat ration
Scrolls
 e - a scroll of immolation {unknown}
 h - 2 scrolls of identify {unknown}
 k - 2 scrolls of fear {unknown}
 q - a scroll of teleportation {unknown}
Potions
 p - a potion of haste
Miscellaneous
 j - a plain deck of summonings {drawn: 2}


   Skills:
 + Level 3.4 Fighting
 * Level 6.3 Polearms
 - Level 2.0 Throwing
 + Level 4.9 Dodging
 + Level 0.2 Invocations


You had 4 spell levels left.
You didn't know any spells.

Dungeon Overview and Level Annotations

Branches:
Dungeon (4/15)             Temple (1/1) D:4

Altars:
Ashenzari
Cheibriados
Elyvilon
Fedhas
Kikubaaqudgha
Makhleb
Nemelex Xobeh
Okawaru
Vehumet


Message History

The ogre struggles against the net.
The net rips apart, and the ogre comes free!
The rat bites you but does no damage. The ogre hits you with a giant club!
Ouch! That really hurt!
* * * LOW HITPOINT WARNING * * *
Drink which item? (? for menu, Esc to quit)
You feel very mighty all of a sudden.
It was a potion of might.
The rat closely misses you. The ogre misses you.
Unknown command.
Drink which item? (? for menu, Esc to quit)
You feel yourself speed up.
Cheibriados forgives your accidental hurry, just this once.
It was a potion of haste.
The rat closely misses you.
You are very lightly contaminated with residual magic.
Unknown command.
Unknown command.
Drink which item? (? for menu, Esc to quit)
Magic courses through your body.
It was a potion of magic.
The ogre hits you with a giant club!
You die...

#.........# #....r..r$#
###'# #...# #.###
###.#######
#.........################
#....[%...r....>..........
#....%..O@################
#.........# #.........#
##.######## #. #. #. ###


You could see an ogre and a rat.

Vanquished Creatures
  A scorpion (D:4)
  An iguana (Temple)
  2 adders (D:3)
  An orc (D:3)
  4 bats
  4 goblins
  3 hobgoblins
  2 kobolds (D:1)
  An ooze (D:1)
  2 giant newts (D:1)
  2 rats
23 creatures vanquished.

Notes
Turn   | Place    | Note
--------------------------------------------------------------
     0 | D:1      | 4tharraofdagon, the Merfolk Gladiator, began the quest for the Orb.
     0 | D:1      | Reached XP level 1. HP: 16/16 MP: 1/1
    62 | D:1      | Reached XP level 2. HP: 16/23 MP: 2/2
   174 | D:2      | Found a sparkling altar of Nemelex Xobeh.
   246 | D:3      | Reached skill level 5 in Polearms
   286 | D:3      | Reached XP level 3. HP: 23/28 MP: 3/3
   339 | D:3      | Found a shattered altar of Ashenzari.
   431 | D:3      | Noticed an ogre
   449 | D:4      | Noticed a scorpion
   479 | D:4      | Killed a scorpion
   479 | D:4      | Reached skill level 6 in Polearms
   479 | D:4      | Reached XP level 4. HP: 33/35 MP: 4/4
   565 | D:4      | Found a staircase to the Ecumenical Temple.
   572 | D:4      | Got a transparent ring mail
   588 | Temple   | Entered the Ecumenical Temple
   608 | Temple   | Became a worshipper of Cheibriados the Contemplative
   645 | Temple   | Reached XP level 5. HP: 32/41 MP: 5/5
   669 | D:3      | Mangled by an ogre

Action                   |  1- 3 |  4- 6 || total
-------------------------+-------+-------++-------
Melee: Trident           |    81 |    24 ||   105
Throw: Throwing net      |     6 |     1 ||     7
Evoke: Deck              |     2 |       ||     2
  Use: Potion            |       |     3 ||     3
 Stab: Held in net/web   |       |     3 ||     3
